 Dungeon Crawl Stone Soup version 0.28.0-45-g0d030f2227 (webtiles) character file.

Game seed: 12000204578757970326

302 croobank the Skirmisher (level 6, 0/46 HPs)
             Began as an Octopode Fire Elementalist on Apr 16, 2022.
             Killed from afar by a dart slug (3 damage)
             ... with a slug dart
             ... on level 3 of the Dungeon.
             The game lasted 00:08:07 (2302 turns).

croobank the Skirmisher (OpFE)                      Turns: 2302, Time: 00:08:07

Health: 0/46       AC:  1    Str:  7    XL:     6   Next: 37%
Magic:  2/9        EV: 13    Int: 19    God:
Gold:   74         SH:  0    Dex: 13    Spells: 2/9 levels left

rFire   . . .      SeeInvis .   j - +0 lajatang
rCold   . . .      Faith    .   (shield currently unavailable)
rNeg    . . .      Spirit   .   (helmet restricted)
rPois   .          Reflect  .   (no amulet)
rElec   .          Harm     .   (no ring)
rCorr   .          Rampage  .   (no ring)
Will    .....                   (no ring)
Stlth   +++.......              (no ring)
HPRegen 0.15/turn               (no ring)
MPRegen 0.11/turn               (no ring)
                                (no ring)
                                (no ring)

@: no status effects
A: almost no armour, amphibious, 8 rings, camouflage 1, gelatinous body 1,
(nimble swimmer 1), tentacles
a: no special abilities


You were on level 3 of the Dungeon.
You visited 1 branch of the dungeon, and saw 3 of its levels.

You collected 74 gold pieces.

Inventory:

Hand Weapons
 b - a +0 short sword
 j - a +0 lajatang (weapon)
Missiles
 c - 55 stones
 e - 43 bolts
 g - 54 arrows
 l - 2 poisoned darts
 m - 20 sling bullets
Scrolls
 a - 3 scrolls of identify
 n - a scroll of vulnerability {unknown}
Potions
 d - a potion of invisibility
 f - a potion of mutation {unknown}
 h - a potion of curing
 i - 2 potions of lignification {unknown}
 k - a potion of flight {unknown}


   Skills:
 + Level 5.8 Fighting
 - Level 2.1 Dodging
 - Level 2.9 Stealth
 - Level 2.1 Spellcasting
 - Level 1.2 Conjurations
 - Level 3.1 Fire Magic


You had 2 spell levels left.
You knew the following spells:

 Your Spells              Type           Power      Damage    Failure   Level
a - Foxfire               Conj/Fire      40%        2x1d6     7%          1
b - Scorch                Fire           26%        2d6       7%          2
c - Flame Wave            Conj/Fire      10%        2d5       56%         4

Your spell library contained the following spells:

 Spells                   Type           Power      Damage    Failure   Level
 Conjure Flame            Conj/Fire      10%        6-21      21%         3
 Inner Flame              Hex/Fire       7%         N/A       26%         3


Dungeon Overview and Level Annotations

Branches:
Dungeon (3/15)

Altars:


Innate Abilities, Weirdness & Mutations

You cannot wear most types of armour.
You are amphibious.
You can wear up to eight rings at the same time.
Your skin changes colour to match your surroundings (Stealth+).
Your rubbery body absorbs attacks. (AC +1, EV +1)
((You are camouflaged when in or above water. (Stealth+)))
You have tentacles for arms and can constrict up to eight enemies at once.


Message History

Grinder gestures at you. You resist with significant effort.
You slash Grinder!
You kill Grinder!
The iguana bites you. The giant cockroach closely misses you.
A dart slug comes into view.
The iguana bites you. The giant cockroach closely misses you.
Your Fighting skill gained 2 levels and is now at level 5!
You have reached level 5!
You feel agile.
You have reached level 6!
The iguana bites you!
* * * LOW HITPOINT WARNING * * *
Casting: Scorch (safe; 7% risk of failure)
Confirm with . or Enter, or press ? or * to list all spells.
You conjure some foxfire!
The giant cockroach barely misses you. The iguana closely misses you.
You slash the iguana! You grab the iguana.
The iguana is heavily wounded.
You constrict the iguana.
The foxfire hits the iguana but does no damage.
The iguana is severely wounded.
The foxfire hits the giant cockroach.
The giant cockroach is almost dead.
The giant cockroach barely misses you. The iguana bites you.
* * * LOW HITPOINT WARNING * * *
The giant cockroach barely misses you.
You slash the iguana!
You kill the iguana!
The giant cockroach bites you.
* * * LOW HITPOINT WARNING * * *
You slash the giant cockroach!
You kill the giant cockroach!
The dart slug launches a dart at you. The slug dart hits you.
* * * LOW HITPOINT WARNING * * *
Found 18 arrows.
The dart slug launches a dart at you. The slug dart hits you.
You die...

... (.. ... #.# #.#
#.# #.# #@# #.# ##.#
##..# ##†..####
###########..........
#..........(.w.....#.
#.#########........#
#.# ##.........


You could see a dart slug.

Vanquished Creatures
  Grinder (D:3)
  An iguana (D:3)
  2 adders
  A dart slug (D:1)
  7 bats
  An endoplasm (D:1)
  4 giant cockroaches
  5 goblins
  8 hobgoblins
  3 jackals (D:1)
  A quokka (D:2)
  2 ball pythons (D:1)
  2 frilled lizards
  11 kobolds
  5 rats
54 creatures vanquished.

Vanquished Creatures (others)
  74 foxfires
74 creatures vanquished.

Grand Total: 128 creatures vanquished

Notes
Turn   | Place    | Note
-------+----------+-------------------------------------------
     0 | D:1      | croobank the Octopode Fire Elementalist began the quest for
                  | the Orb.
     0 | D:1      | Reached XP level 1. HP: 11/11 MP: 3/3
    41 | D:1      | Reached XP level 2. HP: 14/17 MP: 0/5
   324 | D:1      | Reached skill level 1 in Fighting
   436 | D:1      | Reached XP level 3. HP: 8/24 MP: 1/6
   662 | D:1      | Reached skill level 2 in Fighting
  1562 | D:2      | Learned a level 2 spell: Scorch
  1794 | D:3      | Reached XP level 4. HP: 30/30 MP: 5/7
  1862 | D:3      | Reached skill level 3 in Fighting
  1927 | D:3      | Identified the +0 pair of boots of Cloud Cover {rF+ Dex+2
                  | SInv}
  2273 | D:3      | Noticed Grinder
  2280 | D:3      | Learned a level 4 spell: Flame Wave
  2293 | D:3      | Killed Grinder
  2294 | D:3      | Reached skill level 5 in Fighting
  2294 | D:3      | Reached XP level 5. HP: 15/40 MP: 2/8
  2294 | D:3      | Reached XP level 6. HP: 17/45 MP: 2/9
  2302 | D:3      | Killed from afar by a dart slug

Illustrated notes

Levels and vault maps discovered:
D:1:      roderic_crossed_star, layout_rooms
D:2:      layout_basic, minmay_crystal_room
D:3:      layout_loops_corners, chequers_ecumenical_altar_twisty, uniq_grinder,
          uniq_crazy_yiuf_cottage, uniq_natasha

Skill      XL: |  1  2  3  4 |
---------------+-------------+-----
Fighting       | 1 2 5 |  5.8
Dodging        | |  2.1
Stealth        | |  2.9
Spellcasting   | |  2.1
Conjurations   | |  1.2
Fire Magic     | |  3.1

Action                   |  1- 3 |  4- 6 || total
-------------------------+-------+-------++-------
Melee: Short sword       |    36 |       ||    36
       Tentacles         |     9 |     2 ||    11
       Constrict         |     8 |     2 ||    10
       Punch             |     1 |       ||     1
       Lajatang          |     2 |    12 ||    14
 Cast: Foxfire           |    40 |     7 ||    47
       Scorch            |       |     4 ||     4
  Use: Scroll            |     1 |       ||     1
 Stab: Sleeping          |     1 |       ||     1
Armor: Skin              |     7 |     1 ||     8
Dodge: Dodged            |    32 |    12 ||    44
